 Dungeon Crawl Stone Soup version 0.29-a0-375-g5102b3be25 (webtiles) character file.

Game seed: 11020006790073756911

10 spaghetti the Digger (level 2, 20/20 HPs)
             Began as a Gnoll Earth Elementalist on May 3, 2022.
             Quit the game on level 1 of the Dungeon.
             The game lasted 00:01:01 (222 turns).

spaghetti the Digger (Gnoll Earth Elementalist)      Turns: 222, Time: 00:01:02

Health: 20/20      AC:  2    Str:  7    XL:     2   Next: 20%
Magic:  7/7        EV: 13    Int: 14    God:
Gold:   10         SH:  0    Dex: 12    Spells: 9/10 levels left

rFire   . . .      SeeInvis .   (no weapon)
rCold   . . .      Faith    .   (no shield)
rNeg    . . .      Spirit   .   b - +0 robe
rPois   .          Reflect  .   (no helmet)
rElec   .          Harm     .   (no cloak)
rCorr   .          Rampage  .   (no gloves)
Will    .....                   (no boots)
Stlth   ++........              (no amulet)
HPRegen 0.06/turn               (no ring)
MPRegen 0.10/turn               (no ring)

@: no status effects
A: fangs 1, strong nose, distributed training
a: no special abilities


You were on level 1 of the Dungeon.
You visited 1 branch of the dungeon, and saw 1 of its levels.

You collected 10 gold pieces.


Innate Abilities, Weirdness & Mutations

You have very sharp teeth.
Your uncanny sense of smell can sniff out nearby items.
Your experience applies equally to all skills.


   Skills:
 + Level 0.3 Fighting
 + Level 0.3 Short Blades
 + Level 0.3 Long Blades
 + Level 0.3 Axes
 + Level 0.3 Maces & Flails
 + Level 0.3 Polearms
 + Level 0.3 Staves
 + Level 0.3 Slings
 + Level 0.3 Bows
 + Level 0.3 Crossbows
 + Level 0.3 Throwing
 + Level 0.3 Armour
 + Level 4.4 Dodging
 + Level 4.0 Stealth
 + Level 0.3 Shields
 + Level 0.3 Unarmed Combat
 + Level 4.9 Spellcasting
 + Level 0.2 Conjurations
 + Level 0.2 Hexes
 + Level 0.2 Summonings
 + Level 0.2 Necromancy
 + Level 0.2 Translocations
 + Level 2.0 Transmutations
 + Level 0.2 Fire Magic
 + Level 0.2 Ice Magic
 + Level 0.2 Air Magic
 + Level 5.3 Earth Magic
 + Level 0.2 Poison Magic
 + Level 0.4 Invocations
 + Level 0.3 Evocations


You had 9 spell levels left.
You knew the following spells:

 Your Spells              Type           Power      Damage    Failure   Level
a - Sandblast             Erth           36%        2d10      1%          1

Your spell library contained the following spells:

 Spells                   Type           Power      Damage    Failure   Level
 Passwall                 Tmut/Erth      10%        N/A       6%          2
 Stone Arrow              Conj/Erth      22%        3d8       17%         3
 Petrify                  Tmut/Erth      13%        N/A       36%         4

Inventory:

Hand Weapons
 f - a +0 dagger {short}
   (You took it off a kobold on level 1 of the Dungeon)
 h - a +0 whip {mace}
   (You took it off a kobold on level 1 of the Dungeon)
Missiles
 a - 65 stones {throwing}
Armour
 b - a +0 robe (worn)
Scrolls
 d - a scroll of amnesia {unknown}
Potions
 c - a potion of magic
 e - 2 potions of invisibility {unknown}
 g - a potion of curing {unknown}
 i - a potion of heal wounds {unknown}

Dungeon Overview and Level Annotations

Branches:
Dungeon (1/15)

Altars:

#. ..# #. .S# .. ...
.## #.# .. #.#######...
#. #.##........
######>#####†##.####..J
#......†....).@.#
#.###.###..........!..
#.# #.##.#########
###†###.##.##
#........#..##
###.#.#.#.........#
................#..
##########.########
..................


There were no monsters in sight!


Message History

Your mp is fully restored (6).
A giant cockroach comes into view.
A giant cockroach is nearby!
A giant cockroach is nearby!
A ball python and a hobgoblin come into view.
You see here a coppery potion.
The hobgoblin shouts!
A giant cockroach comes into view.
Casting: Sandblast (safe; 1% risk of failure)
Confirm with . or Enter, or press ? or * to list all spells.
Aiming: Sandblast (safe; 1% risk of failure)
Press: ? - help, Shift-Dir - straight line, f - giant cockroach
Aim: a giant cockroach (79% to hit)
The blast of sand hits the giant cockroach.
The giant cockroach bites you but does no damage. 😎 MP[-1]
You lost 1 mp, and now have 5/6 mp.
Casting: Sandblast (safe; 1% risk of failure)
Confirm with . or Enter, or press ? or * to list all spells.
Aiming: Sandblast (safe; 1% risk of failure)
Press: ? - help, Shift-Dir - straight line, f/p - giant cockroach
Aim: a giant cockroach (almost dead, 79% to hit)
The blast of sand hits the giant cockroach.
You kill the giant cockroach!
Your Transmutations skill increases to level 2! 😎 MP[-1]
You lost 1 mp, and now have 4/6 mp.
Casting: Sandblast (safe; 1% risk of failure)
Confirm with . or Enter, or press ? or * to list all spells.
Aiming: Sandblast (safe; 1% risk of failure)
Press: ? - help, Shift-Dir - straight line, f - hobgoblin
Aim: a hobgoblin (79% to hit)
The blast of sand misses the hobgoblin. 😎 MP[-1]
You lost 1 mp, and now have 3/6 mp.
Casting: Sandblast (safe; 1% risk of failure)
Confirm with . or Enter, or press ? or * to list all spells.
Aiming: Sandblast (safe; 1% risk of failure)
Press: ? - help, Shift-Dir - straight line, f/p - hobgoblin
Aim: a hobgoblin (79% to hit)
The blast of sand hits the hobgoblin!
You kill the hobgoblin! 😎 MP[-1]
You lost 1 mp, and now have 2/6 mp.
Casting: Sandblast (safe; 1% risk of failure)
Confirm with . or Enter, or press ? or * to list all spells.
Aiming: Sandblast (safe; 1% risk of failure)
Press: ? - help, Shift-Dir - straight line, f - giant cockroach
Aim: a giant cockroach (79% to hit)
The blast of sand hits the giant cockroach!
You kill the giant cockroach!
You have reached level 2! 😎 HP[+6] MP[-1]
You now have 19 max hp (+6).
Your hp is fully restored (19).
You start resting.
A ball python is nearby!
A ball python is nearby!
A ball python is nearby!
A ball python is nearby!
You start resting.
A kobold comes into view. It is wielding a +0 club. 😎 MP[+1]
A kobold is nearby!
Casting: Sandblast (safe; 1% risk of failure)
Confirm with . or Enter, or press ? or * to list all spells.
You can't see any susceptible monsters within range! (Use Z to cast anyway.) Unknown command.
An endoplasm comes into view. 😎 MP[+1]
An endoplasm is nearby!
The kobold shouts!
Casting: Sandblast (safe; 1% risk of failure)
Confirm with . or Enter, or press ? or * to list all spells.
Aiming: Sandblast (safe; 1% risk of failure)
Press: ? - help, Shift-Dir - straight line, f - kobold
Aim: a kobold, wielding a +0 club (74% to hit)
The blast of sand hits the kobold!
You kill the kobold! 😎 HP[+1] MP[-1]
You now have 20 max hp (+1).
Your hp is fully restored (20).
You lost 1 mp, and now have 2/7 mp.
You start resting.
A ball python is nearby! 😎 MP[+3]
You regained 3 mp, and now have 5/7 mp.
A ball python is nearby!
Casting: Sandblast (safe; 1% risk of failure)
Confirm with . or Enter, or press ? or * to list all spells.
Aiming: Sandblast (safe; 1% risk of failure)
Press: ? - help, Shift-Dir - straight line, f - ball python
Aim: a ball python (wandering, hasn't noticed you, 77% to hit)
The blast of sand hits the ball python!
You kill the ball python! 😎 MP[-1]
You lost 1 mp, and now have 4/7 mp.
You start resting. 😎 MP[+3]
Your mp is fully restored (7).
Unknown command.
Are you sure you want to abandon this character and quit the game? (Confirm with "yes".)

Skill      XL: |  1 |
---------------+----+-----
Transmutations | 2 |  2.0
Fighting       | |  0.3
Short Blades   | |  0.3
Long Blades    | |  0.3
Axes           | |  0.3
Maces & Flails | |  0.3
Polearms       | |  0.3
Staves         | |  0.3
Slings         | |  0.3
Bows           | |  0.3
Crossbows      | |  0.3
Throwing       | |  0.3
Armour         | |  0.3
Dodging        | |  4.4
Stealth        | |  4.0
Shields        | |  0.3
Unarmed Combat | |  0.3
Spellcasting   | |  4.9
Conjurations   | |  0.2
Hexes          | |  0.2
Summonings     | |  0.2
Necromancy     | |  0.2
Translocations | |  0.2
Fire Magic     | |  0.2
Ice Magic      | |  0.2
Air Magic      | |  0.2
Earth Magic    | |  5.3
Poison Magic   | |  0.2
Invocations    | |  0.4
Evocations     | |  0.3

Action                   || total
-------------------------++-------
 Cast: Sandblast         ||    10
Armor: Robe              ||     1

Levels and vault maps discovered:
D:1:      dpeg_arrival_chambers_temple_mockup, layout_loops_ring

Notes
Turn   | Place    | Note
-------+----------+-------------------------------------------
     0 | D:1      | spaghetti the Gnoll Earth Elementalist began the quest for
                  | the Orb.
     0 | D:1      | Reached XP level 1. HP: 13/13 MP: 6/6
     0 | D:1      | magus.rc [v1.9.6]
   144 | D:1      | Reached skill level 2 in Transmutations
   147 | D:1      | Reached XP level 2. HP: 19/19 MP: 1/7
   222 | D:1      | Quit the game

Vanquished Creatures
  A ball python (D:1)
  2 giant cockroaches (D:1)
  2 hobgoblins (D:1)
  3 kobolds (D:1)
8 creatures vanquished.

Table legend:
 A = Non-vault XP
 B = Vault XP
 C = Vault XP percentage of total XP
 D = Non-vault monster count
 E = Vault monster count
 F = Vault count percentage of total count
                 A         B        C        D         E       F
            +---------+---------+-------+---------+---------+-------
      Total |      15 |       0 |   0.0 |       8 |       0 |   0.0
            +---------+---------+-------+---------+---------+-------
        D:1 |      15 |       0 |   0.0 |       8 |       0 |   0.0
            +---------+---------+-------+---------+---------+-------

Illustrated notes

Table legend:
 A = Kills in this place as a percentage of kills in entire the game.
 B = Kills by you in this place as a percentage of kills by you in the entire game.
 C = Kills by friends in this place as a percentage of kills by friends in the entire game.
 D = Other kills in this place as a percentage of other kills in the entire game.
 E = Experience gained in this place as a percentage of experience gained in the entire game.
 F = Experience gained in this place divided by the number of levels of this place that you have seen.
                   A       B       C       D       E      F
               +-------+-------+-------+-------+-------+----------------------
         Total | 100.0 | 100.0 |   N/A |   N/A | 100.0 |  15.0
       Dungeon | 100.0 | 100.0 |   N/A |   N/A | 100.0 |  15.0
               +-------+-------+-------+-------+-------+----------------------

Table legend: (Time is in decaauts)
 A = Elapsed time spent in this place.
 B = Non-inter-level travel time spent in this place.
 C = Inter-level travel time spent in this place.
 D = Time resting spent in this place.
 E = Time spent auto-exploring this place.
 F = Levels seen in this place.
 G = Mean time per level.
                   A        B        C        D        E       F      G
               +--------+--------+--------+--------+--------+-----+--------+
         Total |    222 |    222 |      0 |     70 |    121 |   1 |  222.0 |
       Dungeon |    222 |    222 |      0 |     70 |    121 |   1 |  222.0 |
               +--------+--------+--------+--------+--------+-----+--------+

Top non-repeatable levels by time:
     D:1: 222 daAuts
